 Dungeon Crawl Stone Soup version 0.25-a0-290-g4a1327ee3a (webtiles) character file.

Game seed: 5469104306589909152, levelgen mode: classic

1983 Borgoz the Skirmisher (level 9, -6/81 HPs)
             Began as a Minotaur Berserker on Dec 14, 2019.
             Was a Priest of Trog.
             Mangled by Joseph
             ... wielding a +3 quarterstaff of protection
              (14 damage)
             ... on level 7 of the Dungeon.
             The game lasted 00:08:06 (5713 turns).

Borgoz the Skirmisher (Minotaur Berserker)          Turns: 5713, Time: 00:08:06

Health: -6/81      AC: 17    Str: 24    XL:     9   Next: 1%
Magic:  8/8        EV: 11    Int:  4    God:    Trog [***...]
Gold:   176        SH:  0    Dex: 11    Spells: 8/8 levels left

rFire    + + .     SeeInvis .   z - +7 sceptre of Torment {pain, torment}
rCold    + . .     Gourm    .   (no shield)
rNeg     . . .     Faith    .   n - +2 chain mail {rF+}
rPois    +         Spirit   .   (helmet restricted)
rElec    .         Reflect  .   A - +2 cloak {rPois}
rCorr    .         Harm     .   (no gloves)
MR       .....                  s - +0 pair of boots of Amelioration {rC+ Slay+3} (curse)
Stlth    ..........             k - amulet of the acrobat (curse)
HPRegen  0.23/turn              (no ring)
MPRegen  0.11/turn              q - ring of protection from fire

@: very slightly contaminated, invisible
A: retaliatory headbutt, horns 2
a: Berserk, Trog's Hand, Renounce Religion


You were on level 7 of the Dungeon.
You worshipped Trog.
Trog was most pleased with you.
You were not hungry.

You visited 2 branches of the dungeon, and saw 8 of its levels.

You collected 242 gold pieces.
You spent 66 gold pieces at shops.

Inventory:

Hand Weapons
 a - a +0 falchion
 z - the +7 sceptre of Torment (weapon) {pain, torment}
   (You found it on level 5 of the Dungeon)

   In the hands of one skilled in necromantic magic, it inflicts extra damage on
   living creatures.
 E - a +0 long sword
Armour
 n - a +2 chain mail of fire resistance (worn)
 s - the cursed +0 pair of boots of Amelioration (worn) {rC+ Slay+3}
   (You found it on level 6 of the Dungeon)

   It affects your accuracy and damage with ranged weapons and melee attacks
   (+3).
   It protects you from cold.
   It has a curse placed upon it.
 A - a +2 cloak of poison resistance (worn)
Jewellery
 g - an uncursed amulet of the gourmand
 h - an uncursed ring of poison resistance
 k - a cursed amulet of the acrobat (around neck)
 q - a ring of protection from fire (right hand)
Wands
 r - a wand of flame (17)
 y - a wand of polymorph (13)
 F - a wand of digging (6)
Scrolls
 d - 2 scrolls of teleportation
 e - a scroll of random uselessness {unknown}
 i - a scroll of immolation {unknown}
 l - 2 scrolls of blinking {unknown}
 p - 4 scrolls of fog {unknown}
 t - 2 scrolls of enchant armour {unknown}
 u - a scroll of magic mapping {unknown}
 v - 3 scrolls of remove curse
 w - a scroll of fear
 C - a scroll of enchant weapon
 D - a scroll of torment {unknown}
Potions
 b - a potion of might
 f - 2 potions of agility
 j - 3 potions of lignification
 m - 2 potions of brilliance
 x - a potion of haste
Comestibles
 c - 15 rations


   Skills:
 + Level 7.9 Fighting
 + Level 7.9 Long Blades
 + Level 7.4 Armour
 + Level 6.8 Dodging


You had 8 spell levels left.
You didn't know any spells.
Your spell library was empty.

Dungeon Overview and Level Annotations

Branches:
Dungeon (7/15)             Temple (1/1) D:5

Altars:
Ashenzari
Cheibriados
Dithmenos
Elyvilon
Fedhas
Gozag
Hepliaklqana
Kikubaaqudgha
Makhleb
Nemelex Xobeh
Okawaru
Qazlal
Sif Muna
Trog
Uskayaw
Vehumet
Wu Jian
Xom
Yredelemnul
Zin
The Shining One

Shops:
D:4 [   D:7 *}

Annotations:
D:7 Joseph


Innate Abilities, Weirdness & Mutations

You reflexively headbutt those who attack you in melee.
You have a pair of horns on your head.


Message History

Joseph completely misses you. You furiously retaliate!
You headbutt Joseph, but do no damage.
Joseph rages.
Joseph closely misses you.
Joseph hits you with a +3 quarterstaff of protection!!
You fade into invisibility!
Joseph hits you with a +3 quarterstaff of protection!
* * * LOW HITPOINT WARNING * * *
You are very lightly contaminated with residual magic.
Unknown command.
You feel better.
Joseph hits you with a +3 quarterstaff of protection!
* * * LOW HITPOINT WARNING * * *
Joseph hits you with a +3 quarterstaff of protection.
* * * LOW HITPOINT WARNING * * *
Okay, then.
Okay, then.
You eat one of the 16 rations.
That ration really hit the spot!
Joseph hits you with a +3 quarterstaff of protection!
You die...

#.....####
.........$....# #.....#
..............# #.....#
..............# #.....#
.......(...@..# #.....#
#####+#'#####.# #.....#
#†# #.....# #.#
#.....###############.#
#...............@@....#
#....##################
######


You could see Joseph (berserk).

Vanquished Creatures
  Grinder (D:3)
  Sigmund (D:4)
  Edmund (D:6)
  A black bear (D:7)
  An ice beast (D:6)
  An orc warrior (D:6)
  An ogre (D:6)
  2 centaurs
  A big kobold (D:4)
  A bullfrog (D:7)
  2 scorpions
  A crimson imp (D:6)
  2 bullfrog skeletons
  A centaur skeleton (D:4)
  Crazy Yiuf (D:5)
  2 hounds
  4 orc wizards
  Ijyb (D:3)
  An iguana (D:4)
  5 worker ants
  7 gnolls
  10 adders
  2 shadow imps
  2 adder skeletons
  A worm (D:2)
  A dart slug (D:2)
  2 leopard geckos
  9 orcs
  9 giant cockroaches
  6 goblins
  5 hobgoblins
  7 jackals
  5 quokkas
  5 bats
  4 frilled lizards
  7 kobolds
  8 rats
121 creatures vanquished.

Notes
Turn   | Place    | Note
-------+----------+-------------------------------------------
     0 | D:1      | Borgoz the Minotaur Berserker began the quest for the Orb.
     0 | D:1      | Reached XP level 1. HP: 19/19 MP: 0/0
   136 | D:1      | Reached XP level 2. HP: 20/27 MP: 1/1
   394 | D:1      | Reached ** piety under Trog
   655 | D:2      | Reached XP level 3. HP: 33/33 MP: 2/2
   882 | D:2      | Reached XP level 4. HP: 40/40 MP: 3/3
  1269 | D:3      | Noticed Ijyb
  1274 | D:3      | Noticed Grinder
  1288 | D:3      | Killed Ijyb
  1298 | D:3      | Paralysed by Grinder for 4 turns
  1304 | D:3      | Killed Grinder
  1304 | D:3      | Reached skill level 5 in Fighting
  1304 | D:3      | Reached skill level 5 in Long Blades
  1304 | D:3      | Reached XP level 5. HP: 20/48 MP: 4/4
  1304 | D:3      | Reached XP level 6. HP: 23/56 MP: 5/5
  2220 | D:4      | Reached *** piety under Trog
  2301 | D:4      | Reached skill level 5 in Armour
  2301 | D:4      | Reached XP level 7. HP: 59/62 MP: 6/6
  2531 | D:4      | Found Rikh's Armour Shop.
  2677 | D:4      | Reached skill level 5 in Dodging
  2993 | D:4      | Noticed Sigmund
  3001 | D:4      | Killed Sigmund
  3161 | D:5      | Entered Level 5 of the Dungeon
  3385 | D:5      | Found the +7 sceptre of Torment {pain, torment}
  3391 | D:5      | Found a runed translucent door.
  3393 | D:5      | Noticed Crazy Yiuf
  3399 | D:5      | Killed Crazy Yiuf
  3838 | D:5      | Found a staircase to the Ecumenical Temple.
  4114 | Temple   | Entered the Ecumenical Temple
  4600 | D:6      | Reached XP level 8. HP: 66/71 MP: 7/7
  4867 | D:6      | Noticed Edmund
  4881 | D:6      | Killed Edmund
  5063 | D:6      | Got a pair of spiked boots
  5069 | D:6      | Identified the cursed +0 pair of boots of Amelioration {rC+
                  | Slay+3} (You found it on level 6 of the Dungeon)
  5388 | D:6      | Found a radiant altar of Vehumet.
  5468 | D:7      | Found Zoergh's Gadget Shoppe.
  5497 | D:7      | Found Jadghaf's Assorted Antiques.
  5523 | D:7      | Bought a scroll of identify for 66 gold pieces
  5692 | D:7      | Noticed Joseph
  5704 | D:7      | Reached XP level 9. HP: 43/81 MP: 8/8
  5713 | D:7      | Mangled by Joseph

Levels and vault maps discovered:
D:1:      dpeg_arrival_erosion, layout_basic
D:2:      minmay_skewed_foursquare, layout_loops_ring, first_ration
D:3:      layout_basic, grunt_ministairs_3, serial_park_tiny_2, uniq_ijyb,
          uniq_grinder
D:4:      layout_basic, serial_shops, shop_fountains, chequers_avenue,
          minmay_quadrilaterals, uniq_sigmund
D:5:      layout_loops_corners, temple_doors_cd, nrook_campfire,
          uniq_crazy_yiuf_cottage
D:6:      layout_basic, basic_altar, serial_park_tiny_pond, uniq_edmund
D:7:      layout_basic, serial_shops, nicolae_shop_overgrown_old_shop,
          nicolae_shop_competitors_out_of_business, shop, shop,
          minmay_misc_feat_cross, uniq_joseph
Temple:   nicolae_temple_the_god_donut

Skill      XL: |  1  2  3  4  5  6  7  8 |
---------------+-------------------------+-----
Fighting       | 4 5 6 7 |  7.9
Long Blades    | 4 5 6 7 |  7.9
Armour         | 3 4 5 6 7 |  7.4
Dodging        | 3 4 5 6 |  6.8

Action                   |  1- 3 |  4- 6 |  7- 9 || total
-------------------------+-------+-------+-------++-------
Melee: Falchion          |    54 |   110 |    56 ||   220
       Headbutt          |     5 |    29 |    34 ||    68
       Eveningstar       |       |       |    75 ||    75
  Use: Scroll            |     2 |     6 |     4 ||    12
       Potion            |       |     1 |     4 ||     5
 Stab: Sleeping          |     1 |       |       ||     1
  Eat: Chunk             |    11 |     1 |     4 ||    16
       Ration            |       |       |     1 ||     1
Armor: Animal skin       |     4 |       |       ||     4
       Scale mail        |     7 |       |       ||     7
       Ring mail         |     1 |       |       ||     1
       Chain mail        |     3 |    52 |    81 ||   136
Dodge: Dodged            |    45 |    45 |   106 ||   196
       Rpst.: Falchion   |    17 |    13 |     5 ||    35

Table legend:
 A = Non-vault XP
 B = Vault XP
 C = Vault XP percentage of total XP
 D = Non-vault monster count
 E = Vault monster count
 F = Vault count percentage of total count
                 A         B        C        D         E       F
            +---------+---------+-------+---------+---------+-------
      Total |    2022 |     811 |  28.6 |     108 |      13 |  10.7
            +---------+---------+-------+---------+---------+-------
        D:1 |      35 |       0 |   0.0 |      22 |       0 |   0.0
        D:2 |      63 |      25 |  28.4 |      15 |       5 |  25.0
        D:3 |     115 |     330 |  74.2 |      15 |       4 |  21.1
        D:4 |     463 |     252 |  35.2 |      20 |       2 |   9.1
        D:5 |      94 |      40 |  29.9 |      10 |       1 |   9.1
        D:6 |     919 |     164 |  15.1 |      22 |       1 |   4.3
        D:7 |     333 |       0 |   0.0 |       4 |       0 |   0.0
            +---------+---------+-------+---------+---------+-------
